 Dungeon Crawl Stone Soup version 0.31.0-32-g396128a36d (webtiles) character file.

Game seed: 15293963990762392524

3804 imdaedric the Conjurer (level 10, -24/67 (68) HPs)
             Began as an Octopode Conjurer on Apr 17, 2024.
             Was a Follower of Vehumet.
             Annihilated by a catoblepas (30 damage)
             ... on level 8 of the Dungeon on Apr 18, 2024.
             The game lasted 00:27:44 (11705 turns).

imdaedric the Conjurer (Octopode Conjurer)         Turns: 11705, Time: 00:27:45

HP:   -24/67 (68)   AC:  1    Str:  6    XL:     10   Next: 17%
MP:   13/19         EV: 18    Int: 24    God:    Vehumet [*.....]
Gold: 406           SH:  0    Dex: 12    Spells: 10/21 levels left

rFire   . . .        i - +4 dagger (pain)
rCold   . . .        (no shield)
rNeg    . . .        (helmet restricted)
rPois   .            (no amulet)
rElec   .            j - +5 ring of evasion
rCorr   .            (no ring)
SInv    .            (no ring)
Will    .....        (no ring)
Stlth   +++          (no ring)
HPRegen 0.31/turn    (no ring)
MPRegen 0.16/turn    (no ring)
                     (no ring)

%: no passive effects
@: hasted, lightly drained, very quick
A: almost no armour, amphibious, 8 rings, camouflage 1, gelatinous body 1,
(nimble swimmer 1), tentacles
a: Renounce Religion


You were on level 8 of the Dungeon.
You worshipped Vehumet.
Vehumet was aware of your devotion.
You visited 2 branches of the dungeon, and saw 9 of its levels.
You also visited: Bailey.

You collected 406 gold pieces.

Inventory:

Hand Weapons
 i - a +4 dagger of pain (weapon)
Missiles
 g - a throwing net
Armour
 e - an orb of energy
Jewellery
 j - a +5 ring of evasion (left tentacle)
Wands
 q - a wand of digging (4)
Scrolls
 l - a scroll of enchant weapon {unknown}
 m - a scroll of revelation
 n - 3 scrolls of enchant armour
 o - a scroll of blinking
 p - a scroll of fear {unknown}
 r - a scroll of identify
Potions
 a - 2 potions of enlightenment
 b - 2 potions of cancellation
 c - a potion of resistance {unknown}
 f - a potion of mutation {unknown}
 h - a potion of heal wounds {unknown}
 k - 4 potions of curing


   Skills:
 - Level 5.8 Fighting
 + Level 1.9 Short Blades
 - Level 2.0 Dodging
 - Level 2.6 Stealth
 + Level 6.1 Spellcasting
 + Level 7.5 Conjurations
 + Level 2.0 Necromancy
 + Level 6.1 Translocations
 + Level 6.7 Alchemy


You had 10 spell levels left.
You knew the following spells:

 Your Spells              Type           Power      Damage    Failure   Level
a - Magic Dart            Conj           100%       1d8       1%          1
s - Fulminant Prism       Conj/Alch      20%        3d12      4%          4
x - Iskenderun's Mystic   Conj/Tloc      40%        2d9       4%          4
z - Searing Ray           Conj           86%        2d7       1%          2

Your spell library contained the following spells:

 Spells                   Type           Power      Damage    Failure   Level
 Kiss of Death            Conj/Necr      100%       2d13      1%          1
 Slow                     Hex            28%        N/A       8%          1
 Vampiric Draining        Necr           16%        2d7       11%         3
 Confusing Touch          Hex            7%         N/A       24%         3
 Sigil of Binding         Hex            7%         N/A       24%         3
 Dispel Undead            Necr           16%        3d10      34%         4
 Anguish                  Hex/Necr       6%         N/A       45%         4
 Martyr's Knell           Necr/Summ      12%        N/A       45%         4
 Borgnjor's Revivificati  Necr           8%         N/A       100%        8


Dungeon Overview and Level Annotations

Branches:
Dungeon (8/15)             Temple (1/1) D:5          Bailey (visited)
   Lair: D:8-11

Altars:
Ashenzari
Cheibriados
Dithmenos
Elyvilon
Fedhas
Gozag
Hepliaklqana
Kikubaaqudgha
Makhleb
Nemelex Xobeh
Okawaru
Qazlal
Sif Muna
Trog
Uskayaw
Vehumet
Xom
Yredelemnul
Zin
The Shining One

Shops:
D:5 :   D:6 *

Annotations:
D:2 1 runed translucent door, Crazy Yiuf


Innate Abilities, Weirdness & Mutations

You cannot wear most types of armour.
You are amphibious.
You can wear up to eight rings at the same time.
Your skin changes colour to match your surroundings (Stealth+).
Your rubbery body absorbs attacks. (AC +1, EV +1)
((You are camouflaged when in or above water. (Stealth+)))
You have tentacles for arms and can constrict up to eight enemies at once.


Message History

Unknown command.
Unknown command.
Unknown command.
Unknown command.
Unknown command.
Unknown command.
Unknown command.
Unknown command.
Unknown command.
Unknown command.
Unknown command.
Unknown command.
You feel yourself speed up.
The catoblepas bellows!
The catoblepas gores you!!
You hit the catoblepas but do no damage.
The catoblepas is heavily wounded.
You hit the catoblepas.
You squeeze the catoblepas, but do no damage.
The catoblepas is heavily wounded.
The catoblepas gores you!!
* * * LOW HITPOINT WARNING * * *
You hit the catoblepas but do no damage.
The catoblepas is heavily wounded.
The catoblepas closely misses you.
You hit the catoblepas but do no damage.
You squeeze the catoblepas.
The catoblepas is heavily wounded.
You hit the catoblepas but do no damage.
You squeeze the catoblepas, but do no damage.
The catoblepas is heavily wounded.
The catoblepas gores you!
* * * LOW HITPOINT WARNING * * *
You hit the catoblepas.
The catoblepas is severely wounded.
You hit the catoblepas but do no damage.
The catoblepas writhes in agony.
The catoblepas is severely wounded.
The catoblepas gores you!!
You die...

.....#.##.# #..#.# #..
.....#.'..# #..#)# #..
.....#.#### #..#(# #..
######_~####### #..#)# #..
.####.....# ########[## #..
..##......# #.........# #..
...Y......# #.......[.# ###
..........####.....[...#
#[.......Y@.....)....#####
#.....########....[[.........
###.#.# #...............
######.#.# #.###'###.......
#........#####
###.....###.....
#<............
##.........##....
#.......###...
#.).........##### ##)......#
##...≈≈≈≈≈...# ....)....#
#.............#


You could see a catoblepas.

Vanquished Creatures
  Grinder (D:3)
  Eustachio (D:5)
  A wyvern (D:8)
  A water moccasin (D:7)
  3 ice beasts
  An orc warrior (D:6)
  An ogre (D:6)
  2 wolves
  2 centaurs
  A phantom (D:4)
  A kobold brigand (D:8)
  4 bullfrogs (D:8)
  3 gnoll sergeants
  3 scorpions
  13 wights
  A bombardier beetle (D:7)
  2 jellies
  A gnoll bouda (D:7)
  3 orc priests (D:8)
  4 hounds
  A sleepcap (D:5)
  Ijyb (D:5)
  7 iguanas
  3 orc wizards (D:7)
  19 gnolls
  12 adders
  3 dart slugs
  25 orcs
  8 endoplasms
  A giant cockroach (D:3)
  6 hobgoblins
  4 jackals (D:3)
  6 quokkas
  6 ball pythons
  5 bats
  7 goblins
  8 kobolds
  7 rats
178 creatures vanquished.

Vanquished Creatures (others)
  27 fulminant prisms
27 creatures vanquished.

Grand Total: 205 creatures vanquished

Notes
Turn   | Place    | Note
-------+----------+-------------------------------------------
     0 | D:1      | imdaedric the Octopode Conjurer began the quest for the
                  | Orb.
     0 | D:1      | Reached XP level 1. HP: 11/11 MP: 3/3
     9 | D:1      | Got Keap's Secrets of Shades
   144 | D:1      | Reached XP level 2. HP: 18/18 MP: 0/5
   147 | D:1      | Learned a level 2 spell: Searing Ray
   876 | D:1      | Reached skill level 1 in Alchemy
  1139 | D:2      | Reached XP level 3. HP: 22/22 MP: 1/6
  1236 | D:2      | Reached skill level 1 in Fighting
  1263 | D:2      | Reached skill level 1 in Translocations
  1941 | D:2      | Found a runed translucent door.
  1942 | D:2      | Noticed Crazy Yiuf
  2073 | D:3      | Reached XP level 4. HP: 28/28 MP: 0/7
  2479 | D:3      | Noticed Grinder
  2602 | D:3      | Killed Grinder
  2603 | D:3      | Reached XP level 5. HP: 26/35 MP: 0/9
  2603 | D:3      | Reached XP level 6. HP: 30/40 MP: 0/10
  3390 | D:3      | Found a faded altar of an unknown god.
  3577 | D:4      | Reached skill level 5 in Conjurations
  3937 | D:4      | You fall into a shaft and drop 3 floors!
  3960 | D:7      | Found a shadowy altar of Dithmenos.
  3975 | D:7      | Reached XP level 7. HP: 45/45 MP: 5/12
  4180 | D:5      | Entered Level 5 of the Dungeon
  4821 | D:4      | Found a glowing golden altar of the Shining One.
  5258 | D:5      | Found a hide-covered altar of Uskayaw.
  5357 | D:5      | Reached XP level 8. HP: 48/54 MP: 3/14
  5628 | D:5      | Found Foigihaz's Book Emporium.
  5640 | D:5      | Noticed Ijyb
  5645 | D:5      | Killed Ijyb
  5847 | D:5      | Noticed Eustachio
  5872 | D:5      | Killed Eustachio
  6210 | D:5      | Found a staircase to the Ecumenical Temple.
  6219 | Temple   | Entered the Ecumenical Temple
  6590 | D:6      | Reached skill level 6 in Conjurations
  6858 | D:6      | Reached skill level 5 in Alchemy
  7198 | D:6      | Found Reekofehe's Fire Supplies.
  7898 | D:7      | Found a glowing silver altar of Zin.
  7970 | D:7      | Reached XP level 9. HP: 59/59 MP: 11/16
  8123 | D:7      | Reached skill level 5 in Spellcasting
  8312 | D:7      | Reached skill level 5 in Fighting
  8418 | D:7      | Reached skill level 5 in Translocations
  9174 | D:8      | Found a flagged portal.
  9244 | D:8      | Learned a level 4 spell: Fulminant Prism
  9249 | D:8      | Learned a level 4 spell: Iskenderun's Mystic Blast
  9277 | Bailey   | Entered a bailey
  9446 | Bailey   | Reached skill level 7 in Conjurations
  9705 | D:8      | Found a radiant altar of Vehumet.
  9738 | D:8      | Became a worshipper of Vehumet
 10150 | D:8      | Found a shimmering blue altar of Sif Muna.
 10150 | D:8      | Found a white marble altar of Elyvilon.
 10340 | D:8      | Noticed a catoblepas
 10467 | D:8      | Reached skill level 1 in Short Blades
 10467 | D:8      | Reached skill level 1 in Necromancy
 10655 | D:8      | Reached XP level 10. HP: 68/68 MP: 11/18
 11008 | D:8      | Reached * piety under Vehumet
 11008 | D:8      | Offered knowledge of Kiss of Death by Vehumet.
 11705 | D:8      | Annihilated by a catoblepas

Illustrated notes

Levels and vault maps discovered:
D:1:      lemuel_arrival_muddy, layout_rooms, chequers_serial_rivers_marsh
D:2:      layout_basic, kennysheep_generic_room_14, uniq_crazy_yiuf_cottage
D:3:      layout_loops_ring, shapermc_ecumenical_altar_notcrosses, uniq_grinder
D:4:      layout_loops_ring, mainiacjoe_overflow_catwalk
D:5:      layout_basic, nicolae_uskayaw_murder_on_the_dancefloor,
          lemuel_temple_firewalk_b, serial_shops, nicolae_shop_hallway_plus,
          uniq_eustachio, uniq_ijyb
D:6:      layout_rooms, nicolae_shop_fire_sale [nicolae_sub_dead_trees],
          st_stairs_12, nicolae_elevator_lobby_asterisk
D:7:      layout_cave_pods, zin_statuary, kennysheep_little_box
D:8:      layout_basic, gammafunk_temple_overflow_elements, fiery_altar_vehumet,
          enter_bailey_2, grunt_potential
Temple:   cyrus_circular_temple

Skill      XL: |  1  2  3  4  5  6  7  8  9 10 |
---------------+-------------------------------+-----
Alchemy        | 1 2 3 4 5 6 |  6.7
Fighting       | 1 2 3 4 5 |  5.8
Translocations | 1 2 3 4 5 6 |  6.1
Spellcasting   | 3 4 5 6 |  6.1
Conjurations   | 5 6 7 |  7.5
Short Blades   | 1 |  1.9
Necromancy     | 1 2 |  2.0
Dodging        | |  2.0
Stealth        | |  2.6

Action                     |  1- 3 |  4- 6 |  7- 9 | 10-12 || total
---------------------------+-------+-------+-------+-------++-------
  Melee: Dagger            |       |       |     5 |     8 ||    13
         Unarmed           |       |       |     2 |       ||     2
         Constrict         |       |       |     2 |       ||     2
         Tentacles         |       |       |     1 |     3 ||     4
   Cast: Magic Dart        |    64 |    47 |    99 |     3 ||   213
         Searing Ray       |     2 |    21 |    75 |     5 ||   103
         Fulminant Prism   |       |       |    15 |    12 ||    27
         Iskenderun's Myst |       |       |     2 |    10 ||    12
  Evoke: Wand              |       |       |     9 |       ||     9
    Use: Scroll            |     3 |     6 |     5 |       ||    14
         Potion            |       |     1 |     6 |     1 ||     8
 Armour: Skin              |     2 |     4 |    39 |    10 ||    55
  Dodge: Dodged            |     4 |    19 |    85 |     5 ||   113
